 Dungeon Crawl Stone Soup version 0.23-a0-344-ge122d05 (webtiles) character file.

3259 CcS the Martial Artist (level 10, -2/118 HPs)
             Began as an Octopode Transmuter on Oct 19, 2018.
             Was a Believer of Uskayaw.
             Slain by a vampire (10 damage)
             ... on level 9 of the Dungeon.
             The game lasted 00:12:05 (11234 turns).

CcS the Martial Artist (Octopode Transmuter)       Turns: 11234, Time: 00:12:06

Health: -2/118     AC:  6    Str: 14    XL:     10   Next: 0%
Magic:  17/17      EV: 11    Int: 18    God:    Uskayaw [**....]
Gold:   475        SH:  0    Dex: 14    Spells: 7/19 levels left

rFire    x . .     SeeInvis .     - Unarmed
rCold    + + +     Gourm    .   (shield currently unavailable)
rNeg     . . .     Faith    .   (helmet currently unavailable)
rPois    +         Spirit   .   q - amulet of magic regeneration
rElec    .         Reflect  .   u - ring of resist corrosion
rCorr    +         Harm     .   (no ring)
MR       .....                  (no ring)
Stlth    ..........             (no ring)
HPRegen  0.29/turn              (no ring)
MPRegen  0.40/turn              (no ring)
                                (no ring)
                                (no ring)

@: berserking, ice-form (expiring), very quick
A: large, almost no armour, stealthy swim, amphibious, 8 rings, (constrict 8)
a: End Transformation, Stomp, Line Pass, Renounce Religion


You were on level 9 of the Dungeon.
You worshipped Uskayaw.
Uskayaw was noncommittal.
You were not hungry.
You were a creature of crystalline ice.
You visited 2 branches of the dungeon, and saw 10 of its levels.

You collected 475 gold pieces.

Inventory:

Missiles
 a - 50 arrows
Jewellery
 q - an amulet of magic regeneration (around neck)
 u - a ring of resist corrosion (left front paw)
Wands
 w - a wand of iceblast (6)
Scrolls
 f - a scroll of vulnerability {unknown}
 h - a scroll of fear {unknown}
 j - 2 scrolls of amnesia {unknown}
 k - 6 scrolls of enchant weapon
 m - 2 scrolls of enchant armour
 r - a scroll of fog {unknown}
 t - 2 scrolls of blinking {unknown}
 v - 4 scrolls of remove curse {unknown}
 x - a scroll of magic mapping {unknown}
 y - 4 scrolls of random uselessness {unknown}
Potions
 b - a potion of haste
 e - 2 potions of flight
 i - 4 potions of curing
 l - a potion of might
 n - 2 potions of heal wounds
 o - a potion of ambrosia
 p - 2 potions of agility
 s - a potion of resistance
 z - a potion of cancellation
Comestibles
 c - 8 rations


   Skills:
 + Level 5.4 Fighting
 + Level 3.5 Dodging
 * Level 8.5 Unarmed Combat
 + Level 5.0 Spellcasting
 + Level 5.7 Transmutations
 + Level 4.9 Ice Magic
 + Level 2.3 Invocations


You had 7 spell levels left.
You knew the following spells:

 Your Spells              Type           Power        Failure   Level  Hunger
a - Beastly Appendage     Tmut           ####..       1%          1    None
b - Sticks to Snakes      Tmut           ####....     1%          2    #......
c - Ice Form              Ice/Tmut       ###.....     16%         4    ####...
d - Blade Hands           Tmut           ####......   34%         5    ######.

Your spell library contained the following spells:

 Spells                   Type           Power        Failure   Level  Hunger
 Spider Form              Tmut/Pois      ##........   12%         3    ##.....


Dungeon Overview and Level Annotations

Branches:
Dungeon (9/15)             Temple (1/1) D:6
   Lair: D:8-11         Orc: D:9-12

Altars:
Ashenzari
Cheibriados
Dithmenos
Elyvilon
Fedhas
Gozag
Hepliaklqana
Kikubaaqudgha
Makhleb
Nemelex Xobeh
Okawaru
Qazlal
Ru
Sif Muna
Trog
Uskayaw
Vehumet
Wu Jian
Xom
Yredelemnul
Zin
The Shining One


Innate Abilities, Weirdness & Mutations

You cannot wear most types of armour.
You are very stealthy in the water. (Stealth+)
You are amphibious.
You can wear up to eight rings at the same time.
((You can use your tentacles to constrict eight enemies at once.))
((Your skin changes colour to match your surroundings (Stealth+).))
((Your rubbery body absorbs attacks. (AC +1, EV +1)))


Message History

You punch something! You freeze something. Something hits you.
Something bites you!
Something draws strength from your injuries!
You can now pass through a line of other dancers.
You feel much better. Something hits you. Something bites you!
Something draws strength from your injuries!
You feel much better. Something hits you. Something bites you!
Something draws strength from your injuries!
A red film seems to cover your vision as you go berserk!
You feel yourself moving faster!
You feel mighty! Something hits you!
* * * LOW HITPOINT WARNING * * *
Something bites you!
* * * LOW HITPOINT WARNING * * *
Something draws strength from your injuries!
You hit something but do no damage.
Unknown command.
You closely miss something. Something hits you!
* * * LOW HITPOINT WARNING * * *
Something bites you!
You die...

######### ############
#.......# ...........#
#.......# ...........#
#.......# ...........#
#{......# ...........#
#Y......# ...........#
#.......# ...........#
#.......# ...........#
#.......#
#...##...#######.......#
#...##...#......########
.....#...'......#
.....#...#......#
.....#...#......#


There were no monsters in sight!

Vanquished Creatures
  A hippogriff (D:8)
  Grum (D:8)
  2 black bears
  An ice beast (D:5)
  An ogre (D:8)
  3 sky beasts
  A centaur (D:6)
  3 wolves (D:8)
  A big kobold (D:8)
  3 bullfrogs
  A gnoll sergeant (D:8)
  4 wights (D:6)
  3 howler monkeys
  2 crimson imps (D:8)
  2 bullfrog zombies
  3 hounds
  A jelly (D:6)
  4 orc priests
  A gnoll shaman (D:6)
  A bullfrog skeleton (D:8)
  2 centaur skeletons
  2 iguanas
  Terence (D:3)
  11 orc wizards
  4 worker ants
  A hound skeleton (D:4)
  A worker ant zombie (D:8)
  13 adders
  9 gnolls
  2 shadow imps
  2 oozes
  2 adder zombies
  An adder skeleton (D:4)
  2 worms
  4 dart slugs
  2 leopard geckos
  21 orcs
  3 bats
  6 giant cockroaches
  5 goblins
  4 hobgoblins
  10 jackals
  8 kobolds
  2 quokkas
  5 frilled lizards
  A jackal skeleton (D:4)
  A quokka zombie (D:7)
  4 rats
168 creatures vanquished.

Vanquished Creatures (collateral kills)
  Sigmund (D:3)
1 creature vanquished.

Grand Total: 169 creatures vanquished

Notes
Turn   | Place    | Note
-------+----------+-------------------------------------------
     0 | D:1      | CcS the Octopode Transmuter began the quest for the Orb.
     0 | D:1      | Reached XP level 1. HP: 13/13 MP: 3/3
   579 | D:1      | Reached XP level 2. HP: 15/18 MP: 5/5
   988 | D:2      | Reached XP level 3. HP: 13/24 MP: 4/6
  1228 | D:2      | Learned a level 2 spell: Sticks to Snakes
  1465 | D:2      | Found a faded altar of an unknown god.
  1914 | D:2      | Reached skill level 4 in Unarmed Combat
  1914 | D:2      | Reached XP level 4. HP: 26/29 MP: 5/7
  2541 | D:3      | Noticed Sigmund
  2561 | D:3      | Killed Sigmund
  2561 | D:3      | Reached XP level 5. HP: 35/35 MP: 2/8
  2785 | D:3      | Learned a level 4 spell: Ice Form
  2899 | D:3      | Noticed Terence
  3139 | D:3      | Killed Terence
  3252 | D:3      | Reached XP level 6. HP: 10/41 MP: 7/9
  3758 | D:3      | You fall through a shaft for 2 floors!
  3758 | D:5      | Entered Level 5 of the Dungeon
  3801 | D:5      | Noticed an ice beast
  3855 | D:3      | Reached skill level 5 in Unarmed Combat
  4377 | D:4      | Reached skill level 1 in Ice Magic
  5033 | D:4      | Reached XP level 7. HP: 46/46 MP: 7/11
  6628 | D:5      | Reached skill level 6 in Unarmed Combat
  6801 | D:6      | Reached XP level 8. HP: 54/54 MP: 4/13
  7421 | D:6      | Reached skill level 7 in Unarmed Combat
  7628 | D:6      | Found a staircase to the Ecumenical Temple.
  7663 | Temple   | Entered the Ecumenical Temple
  7755 | Temple   | Became a worshipper of Uskayaw the Reveler
  7773 | D:6      | Reached * piety under Uskayaw
  7780 | D:6      | Reached ** piety under Uskayaw
  7925 | D:6      | Found a stormy altar of Qazlal.
  7938 | D:6      | Learned a level 5 spell: Blade Hands
  8057 | D:6      | Reached XP level 9. HP: 59/59 MP: 10/15
  8214 | D:6      | Reached skill level 5 in Transmutations
  9054 | D:7      | Reached *** piety under Uskayaw
  9429 | D:8      | Reached skill level 1 in Invocations
  9501 | D:8      | Reached skill level 5 in Fighting
  9584 | D:8      | Noticed Grum
  9833 | D:8      | Reached skill level 8 in Unarmed Combat
 10549 | D:8      | Killed Grum
 10653 | D:8      | Reached **** piety under Uskayaw
 10731 | D:8      | Reached skill level 5 in Spellcasting
 11175 | D:9      | Reached XP level 10. HP: 66/66 MP: 10/17
 11234 | D:9      | Slain by a vampire

Vault maps used:
D:1:      minmay_arrival_loop
D:2:      chequers_ecumenical_altar_island, chequers_hall_statues_corner_a
D:3:      uniq_sigmund, uniq_terence
D:5:      black_bear_nest_2, first_ration
D:6:      kennysheep_little_box, minmay_temple_entry_glassed_door,
          minmay_misc_feat_columns, eino_small_chamber_without_monster,
          uniq_crazy_yiuf_cottage
D:8:      uniq_grum
Temple:   dpeg_three_leaves_temple

Skill      XL: |  1  2  3  4  5  6  7  8  9 |
---------------+----------------------------+-----
Fighting       | 2 3 4 5 |  5.4
Unarmed Combat | 4 5 6 7 8 |  8.5
Transmutations | 3 4 5 |  5.7
Ice Magic      | 2 3 4 |  4.9
Spellcasting   | 3 4 5 |  5.0
Invocations    | 2 |  2.3
Dodging        | 3 |  3.5

Action                   |  1- 3 |  4- 6 |  7- 9 | 10-12 || total
-------------------------+-------+-------+-------+-------++-------
Melee: Unarmed           |    49 |    95 |   306 |     7 ||   457
       Constrict         |    12 |    21 |    16 |       ||    49
       Kick              |     9 |    18 |     4 |       ||    31
       Tentacles         |     7 |     6 |    11 |       ||    24
       Punch             |       |       |     3 |       ||     3
 Cast: Beastly Appendage |    11 |    18 |     5 |       ||    34
       Sticks to Snakes  |       |     3 |     9 |       ||    12
       Ice Form          |       |     4 |    37 |       ||    41
  Use: Scroll            |       |       |    15 |       ||    15
       Potion            |       |       |     5 |     3 ||     8
 Stab: Sleeping          |     8 |     5 |     2 |       ||    15
       Paralysed         |       |       |     5 |       ||     5
       Distracted        |       |       |     1 |       ||     1
  Eat: Chunk             |     3 |     8 |    12 |       ||    23
       Ration            |       |     2 |     5 |       ||     7
Armor: Skin              |     3 |    20 |    56 |     1 ||    80
Dodge: Dodged            |    22 |    44 |   161 |     5 ||   232

Table legend:
 A = Non-vault XP
 B = Vault XP
 C = Vault XP percentage of total XP
 D = Non-vault monster count
 E = Vault monster count
 F = Vault count percentage of total count
                 A         B        C        D         E       F
            +---------+---------+-------+---------+---------+-------
      Total |    3851 |     806 |  17.3 |     162 |       7 |   4.1
            +---------+---------+-------+---------+---------+-------
        D:1 |      12 |       0 |   0.0 |       8 |       0 |   0.0
        D:2 |      75 |       0 |   0.0 |      15 |       0 |   0.0
        D:3 |     117 |     150 |  56.2 |      24 |       2 |   7.7
        D:4 |     409 |       0 |   0.0 |      32 |       0 |   0.0
        D:5 |     250 |     128 |  33.9 |      12 |       1 |   7.7
        D:6 |    1328 |       0 |   0.0 |      32 |       0 |   0.0
        D:7 |     510 |       0 |   0.0 |      12 |       0 |   0.0
        D:8 |    1108 |     528 |  32.3 |      26 |       4 |  13.3
        D:9 |      42 |       0 |   0.0 |       1 |       0 |   0.0
            +---------+---------+-------+---------+---------+-------
